 Dungeon Crawl Stone Soup version 0.30-a0-557-ge2afbf3030 (webtiles) character file.

Game seed: 4978141300248286313

3668 experimilk the Destroyer (level 9, -2/74 HPs)
             Began as a Grey Draconian Conjurer on Dec 27, 2022.
             Was a Follower of Vehumet.
             Killed from afar by a gargoyle (22 damage)
             ... with a stone arrow
             ... on level 8 of the Dungeon.
             The game lasted 00:21:25 (10404 turns).

experimilk the Destroyer (Grey Draconian Conjurer) Turns: 10404, Time: 00:21:25

Health: -2/74      AC: 14    Str: 10    XL:     9   Next: 89%
Magic:  1/16       EV: 11    Int: 22    God:    Vehumet [*.....]
Gold:   413        SH:  4    Dex: 10    Spells: 11/18 levels left

rFire   . . .      SeeInvis .    p - +2 whip (freeze)
rCold   + . .      Faith    .    z - +0 buckler
rNeg    . . .      Spirit   .    (body armour unavailable)
rPois   .          Reflect  .    (helmet restricted)
rElec   .          Harm     .    (no cloak)
rCorr   .          Rampage  .    (no gloves)
Will    +....                    n - +1 pair of boots
Stlth   ++                       c - amulet of the acrobat
HPRegen 0.32/turn                e - ring of protection from cold
MPRegen 0.15/turn                k - ring of willpower

@: about to teleport
A: AC +12, amphibious, unfitting armour, cold-blooded
a: Renounce Religion


You were on level 8 of the Dungeon.
You worshipped Vehumet.
Vehumet was aware of your devotion.
You visited 2 branches of the dungeon, and saw 9 of its levels.
You also visited: Sewer.

You collected 573 gold pieces.
You spent 160 gold pieces at shops.

Inventory:

Hand Weapons
 d - a +0 trident
 p - a +2 whip of freezing (weapon)
Missiles
 B - a throwing net
Armour
 n - a +1 pair of boots (worn)
 z - a +0 buckler (worn)
Jewellery
 c - an amulet of the acrobat (around neck)
 e - a ring of protection from cold (left hand)
 k - a ring of willpower (right hand)
Wands
 r - a wand of quicksilver (4)
 C - a wand of paralysis (6)
Scrolls
 b - 3 scrolls of amnesia
 f - 4 scrolls of immolation
 g - 2 scrolls of vulnerability
 i - 3 scrolls of fear
 j - 2 scrolls of blinking
 l - 2 scrolls of teleportation
 o - 3 scrolls of enchant armour
 q - a scroll of enchant weapon
 t - a scroll of summoning {unknown}
 v - a scroll of poison
 w - a scroll of silence {unknown}
 y - a scroll of fog
Potions
 a - 5 potions of flight
 h - 2 potions of resistance
 m - 2 potions of haste
 s - a potion of lignification {unknown}
 u - 3 potions of curing {unknown}
 x - a potion of magic
 A - a potion of mutation {unknown}
 D - a potion of attraction
 E - a potion of might


   Skills:
 - Level 5.0 Fighting
 - Level 1.7 Dodging
 - Level 1.7 Stealth
 - Level 3.0 Shields
 - Level 5.0 Spellcasting
 * Level 12.6 Conjurations


You had 11 spell levels left.
You knew the following spells:

 Your Spells              Type           Power      Damage    Failure   Level
a - Magic Dart            Conj           100%       1d8       1%          1
x - Iskenderun's Mystic   Conj/Tloc      33%        2d8       10%         4
z - Searing Ray           Conj           100%       2d8       1%          2

Your spell library contained the following spells:

 Spells                   Type           Power      Damage    Failure   Level
 Freeze                   Ice            20%        1d4       13%         1
 Dazzling Flash           Conj/Hex       66%        N/A       3%          3
 Fulminant Prism          Conj/Hex       16%        3d10      10%         4
 Sublimation of Blood     Necr           5%         N/A       21%         2
 Wereblood                Tmut           5%         N/A       21%         2
 Ignite Poison            Fire/Tmut/Pois 5%         N/A       36%         3
 Kindle Blastsparks       Fire/Tloc/Air  10%        2d10      36%         3
 Freezing Cloud           Conj/Ice/Air   11%        6-21      54%         5
 Yara's Violent Unravell  Hex/Tmut       2%         3d3       98%         5
 Enfeeble                 Hex            2%         N/A       100%        7
 Summon Hydra             Summ           2%         N/A       100%        7


Dungeon Overview and Level Annotations

Branches:
Dungeon (8/15)             Temple (1/1) D:4           Sewer (visited)
   Lair: D:8-11

Altars:
Ashenzari
Hepliaklqana
Okawaru
Vehumet
Yredelemnul

Shops:
D:5 ?   D:6 ([=

Annotations:
D:8 Maurice


Innate Abilities, Weirdness & Mutations

Your dull iron-grey scales are very hard. (AC +12)
You are amphibious.
You cannot fit into any form of body armour.
You are cold-blooded and may be slowed by cold attacks.


Message History

Confirm with . or Enter, or press ? or * to list all spells.
Aiming: Searing Ray (safe; 1% risk of failure)
Press: ? - help, Shift-Dir - straight line, f/p - gargoyle
Aim: a gargoyle, wielding a +1 flail of protection (heavily damaged, 92% to hit)
The searing ray misses the gargoyle. (Press . to maintain the ray.)
The gargoyle hurls a stone arrow at you.
The stone arrow misses you.
The searing ray hits the gargoyle but does no damage.
The gargoyle is heavily damaged.
The gargoyle hurls a stone arrow at you.
The stone arrow misses you.
You hit the gargoyle but do no damage.
The gargoyle is heavily damaged.
The gargoyle hits you but does no damage.
You hit the gargoyle but do no damage. You tail-slap the gargoyle.
The gargoyle is heavily damaged.
The gargoyle hits you with a +1 flail of protection!
You barely miss the gargoyle.
The gargoyle is heavily damaged.
The gargoyle hurls a stone arrow at you.
The stone arrow hits you!
You barely miss the gargoyle.
The gargoyle is heavily damaged.
The gargoyle hurls a stone arrow at you.
The stone arrow hits you!
You hit the gargoyle but do no damage.
The gargoyle is heavily damaged.
The gargoyle hits you with a +1 flail of protection!
You can't see any enemies this would affect, really read the scroll of fear?
Okay, then.
As you read the scroll of teleportation, it crumbles to dust.
You feel strangely unstable.
The gargoyle hits you with a +1 flail of protection!
* * * LOW HITPOINT WARNING * * *
You completely miss the gargoyle.
The gargoyle is heavily damaged.
The gargoyle hurls a stone arrow at you.
The stone arrow hits you!!
You die...

#######....###.####..#.#
......................>#
##############.......#.#
#######.#.# #.#.# #.#.#
#...# ############>#
#....9@......#
#.##########.# .. #.#
..9 #.# ... #.# .. #.# .
#.# #.# #.#


You could see a gargoyle.

Vanquished Creatures
  Pikel (D:5)
  Joseph (D:7)
  Prince Ribbit (D:6)
  2 steam dragons
  4 water moccasins
  A black bear (D:4)
  2 ogres (D:5)
  A centaur (D:5)
  3 phantoms
  3 bullfrogs
  3 necrophages
  A scorpion (D:5)
  5 orc priests
  6 hounds
  A gnoll bouda (D:6)
  2 jellies
  6 iguanas
  Terence (D:3)
  2 orc wizards
  A merfolk siren (Sewer)
  A merfolk avatar (Sewer)
  8 gnolls
  7 adders
  3 river rats (Sewer)
  3 shadow imps (D:5)
  6 white imps
  3 ufetubi
  2 worms
  3 dart slugs
  19 orcs
  10 ball pythons
  10 endoplasms
  4 giant cockroaches
  4 goblins
  6 hobgoblins
  17 jackals
  5 quokkas
  4 bats
  10 frilled lizards
  10 kobolds
  21 rats
203 creatures vanquished.

Vanquished Creatures (others)
  2 demonic plants (D:5)
  A plant (D:7)
3 creatures vanquished.

Grand Total: 206 creatures vanquished

Notes
Turn   | Place    | Note
-------+----------+-------------------------------------------
     0 | D:1      | experimilk the Draconian Conjurer began the quest for the
                  | Orb.
     0 | D:1      | Reached XP level 1. HP: 14/14 MP: 3/3
   319 | D:1      | Reached XP level 2. HP: 20/20 MP: 1/5
   322 | D:1      | Learned a level 2 spell: Searing Ray
   678 | D:1      | Reached XP level 3. HP: 26/26 MP: 1/6
  1419 | D:2      | Found a faded altar of an unknown god.
  1580 | D:2      | Reached skill level 5 in Conjurations
  1947 | D:2      | Reached XP level 4. HP: 33/33 MP: 4/8
  2649 | D:3      | Reached XP level 5. HP: 26/38 MP: 5/9
  3048 | D:3      | Reached skill level 6 in Conjurations
  3091 | D:3      | Found a broken altar of Ashenzari.
  3237 | D:3      | Noticed Terence
  3242 | D:3      | Killed Terence
  3774 | D:4      | Reached XP level 6. HP: 45/45 MP: 5/10
  3776 | D:4      | Reached skill level 7 in Conjurations
  3789 | D:4      | Found a glowing drain.
  3809 | Sewer    | Entered a sewer
  4557 | D:4      | Reached skill level 8 in Conjurations
  4557 | D:4      | Your scales start taking on a dull iron-grey colour.
  4557 | D:4      | Reached XP level 7. HP: 50/50 MP: 2/11
  4631 | D:4      | Learned a level 4 spell: Iskenderun's Mystic Blast
  4800 | D:4      | Found a staircase to the Ecumenical Temple.
  4883 | Temple   | Entered the Ecumenical Temple
  4894 | Temple   | Became a worshipper of Vehumet
  5304 | D:5      | Entered Level 5 of the Dungeon
  5637 | D:5      | Reached skill level 9 in Conjurations
  5710 | D:5      | Found Wuddais's Magic Scroll Emporium.
  5721 | D:5      | Bought a scroll of poison for 40 gold pieces
  5721 | D:5      | Bought a scroll of fog for 40 gold pieces
  5721 | D:5      | Bought a scroll of fear for 40 gold pieces
  5721 | D:5      | Bought a scroll of vulnerability for 40 gold pieces
  5843 | D:5      | Reached skill level 1 in Fighting
  6075 | D:4      | Reached XP level 8. HP: 36/61 MP: 3/13
  6330 | D:5      | Noticed Pikel
  6361 | D:5      | Killed Pikel
  6362 | D:5      | Reached skill level 10 in Conjurations
  7218 | D:6      | Reached skill level 5 in Spellcasting
  7362 | D:6      | Found Necsirch's Weapon Emporium.
  7456 | D:6      | Reached XP level 9. HP: 69/69 MP: 10/16
  7627 | D:6      | Noticed Prince Ribbit
  7632 | D:6      | Reached skill level 11 in Conjurations
  7658 | D:6      | Killed Prince Ribbit
  7659 | D:6      | Reached skill level 1 in Shields
  7766 | D:6      | Found Didaffof's Antique Armour Shop.
  7984 | D:6      | Reached * piety under Vehumet
  7984 | D:6      | Offered knowledge of Freeze by Vehumet.
  8052 | D:6      | Found Nomp's Jewellery Shop.
  8094 | D:6      | Found a basalt altar of Yredelemnul.
  8716 | D:7      | Noticed Joseph
  8729 | D:7      | Killed Joseph
  9164 | D:7      | Reached skill level 5 in Fighting
  9164 | D:7      | Reached skill level 12 in Conjurations
  9485 | D:7      | Found an iron altar of Okawaru.
 10110 | D:8      | Noticed Maurice
 10370 | D:8      | Noticed a gargoyle
 10404 | D:8      | Killed from afar by a gargoyle

Illustrated notes

Levels and vault maps discovered:
D:1:      wheals_arrival_shading, layout_basic
D:2:      layout_loops_ring, ebering_ecumenical_altar_petrified
D:3:      cheibrodos_pilgrimage, layout_basic, amcnicky_altar_gilded,
          minmay_misc_feat_rugged, nicolae_underground_beach, uniq_terence
D:4:      layout_cave_pools, minmay_temple_entry_waves,
          cheibrodos_sewer_entry_sluice, st_stairs_13, kennysheep_minor_cross
D:5:      layout_basic, serial_demonic, serial_demonic_d, serial_demonic_d,
          serial_demonic_f, serial_demonic_d, serial_shops, shop_scrolls,
          uniq_pikel
D:6:      layout_basic, mainiacjoe_overflow_catwalk, serial_shops,
          nicolae_shop_crystal, nicolae_shop_bloodbath_and_beyond,
          kennysheep_mini_moat, uniq_prince_ribbit1
D:7:      layout_basic, lemuel_doored_altar, serial_bayou_crossing, uniq_joseph
D:8:      layout_basic, nicolae_qazlal_eye_of_the_storm, uniq_maurice
Temple:   jpeg_temple_clearing

Skill      XL: |  1  2  3  4  5  6  7  8  9 |
---------------+----------------------------+-----
Conjurations   | 5 6 8 9 10 12 | 12.6
Spellcasting   | 3 5 |  5.0
Fighting       | 1 3 5 |  5.0
Shields        | 3 |  3.0
Dodging        | |  1.7
Stealth        | |  1.7

Action                   |  1- 3 |  4- 6 |  7- 9 || total
-------------------------+-------+-------+-------++-------
Melee: Whip              |    22 |       |    26 ||    48
       Trident           |     8 |    63 |    46 ||   117
       Tailslap          |     3 |     8 |     7 ||    18
       Punch             |       |     1 |       ||     1
 Cast: Magic Dart        |    60 |    95 |    99 ||   254
       Searing Ray       |     8 |    25 |    72 ||   105
Evoke: Wand              |       |       |     1 ||     1
  Use: Scroll            |     5 |     1 |    10 ||    16
       Potion            |       |     2 |     3 ||     5
 Stab: Fleeing           |       |       |     1 ||     1
Armor: Skin              |    15 |    43 |    59 ||   117
Dodge: Dodged            |    36 |    93 |   121 ||   250
Block: Buckler           |       |       |    13 ||    13

Table legend: (Time is in decaauts)
 A = Elapsed time spent in this place.
 B = Non-inter-level travel time spent in this place.
 C = Inter-level travel time spent in this place.
 D = Time resting spent in this place.
 E = Time spent auto-exploring this place.
 F = Levels seen in this place.
 G = Mean time per level.
                   A        B        C        D        E       F      G
               +--------+--------+--------+--------+--------+-----+--------+
         Total |  10462 |  10122 |    340 |   1321 |   7473 |  10 | 1046.2 |
       Dungeon |   9688 |   9357 |    331 |   1274 |   6875 |   8 | 1211.0 |
        Temple |     21 |     12 |      9 |      0 |      3 |   1 |   21.0 |
         Sewer |    751 |    751 |      0 |     47 |    595 |   1 |  751.0 |
               +--------+--------+--------+--------+--------+-----+--------+

Top non-repeatable levels by time:
     D:4: 1492 daAuts
     D:6: 1455 daAuts
     D:5: 1370 daAuts
     D:3: 1323 daAuts
     D:1: 1318 daAuts
     D:7: 1222 daAuts
     D:2: 986 daAuts
   Sewer: 751 daAuts
     D:8: 519 daAuts
  Temple: 21 daAuts
